 Dungeon Crawl Stone Soup version 0.28-a0-779-g3d1f99b579 (webtiles) character file.

Game seed: 4073693326718768573

105 ytrimaz the Grave Robber (level 4, 0/30 HPs)
             Began as a Demonspawn Necromancer on Nov 2, 2021.
             Slain by a goblin (4 damage)
             ... on level 2 of the Dungeon.
             The game lasted 00:01:33 (1984 turns).

ytrimaz the Grave Robber (Demonspawn Necromancer)   Turns: 1984, Time: 00:01:35

Health: 0/30       AC:  2    Str:  8    XL:     4   Next: 53%
Magic:  0/8        EV: 12    Int: 17    God:
Gold:   110        SH:  0    Dex: 14    Spells: 5/9 levels left

rFire   . . .      SeeInvis .   e - staff of poison
rCold   . . .      Faith    .   (no shield)
rNeg    . . .      Spirit   .   a - +0 robe
rPois   +          Reflect  .   (no helmet)
rElec   .          Harm     .   (no cloak)
rCorr   .          Rampage  .   (no gloves)
Will    .....                   (no boots)
Stlth   ++........              (no amulet)
HPRegen 1.10/turn               (no ring)
MPRegen 0.11/turn               (no ring)

@: no status effects
A: powered by death 1
a: no special abilities


You were on level 2 of the Dungeon.
You visited 1 branch of the dungeon, and saw 2 of its levels.

You collected 110 gold pieces.

Inventory:

Armour
 a - a +0 robe (worn)
Magical Staves
 e - a staff of poison (weapon)
Scrolls
 d - 2 scrolls of identify {unknown}
 g - a scroll of immolation {unknown}
Potions
 b - 2 potions of curing {unknown}
 c - 2 potions of flight {unknown}
 f - a potion of berserk rage {unknown}
 h - 2 potions of invisibility {unknown}
 i - a potion of brilliance {unknown}


   Skills:
 - Level 1.7 Dodging
 - Level 1.7 Stealth
 + Level 3.1 Spellcasting
 + Level 5.6 Necromancy
 * Level 1.1 Poison Magic


You had 5 spell levels left.
You knew the following spells:

 Your Spells              Type           Power      Damage    Failure   Level
a - Pain                  Necr           84%        1d8       1%          1
b - Vampiric Draining     Necr           21%        2d7       4%          3

Your spell library contained the following spells:

 Spells                   Type           Power      Damage    Failure   Level
 Animate Skeleton         Necr           42%        N/A       1%          1
 Animate Dead             Necr           10%        N/A       17%         4
 Ignite Poison            Fire/Tmut/Pois 5%         N/A       41%         3
 Agony                    Necr           21%        N/A       43%         5
 Conjure Flame            Conj/Fire      2%         6-21      45%         3
 Sticky Flame             Conj/Fire      2%         2d3       86%         4


Dungeon Overview and Level Annotations

Branches:
Dungeon (2/15)

Altars:


Innate Abilities, Weirdness & Mutations

You regenerate a little health from kills.


Message History

You feel agile.
Unknown command.
You escape the ball python's grasp.
The hobgoblin closely misses you.
You hit the rat.
You kill the rat!
The hobgoblin closely misses you. The ball python barely misses you. x2
Unknown command.
The hobgoblin hits you.
You see here a rat corpse.
You barely miss the ball python.
The ball python bites you but does no damage.
The ball python grabs you. The ball python constricts you.
The hobgoblin barely misses you. The ball python barely misses you.
The ball python constricts you.
You barely miss the ball python.
The hobgoblin hits you but does no damage.
The ball python barely misses you. The ball python constricts you.
The hobgoblin hits you.
You closely miss the ball python. The ball python bites you.
* * * LOW HITPOINT WARNING * * *
The ball python constricts you. The hobgoblin hits you.
* * * LOW HITPOINT WARNING * * *
The ball python barely misses you. The ball python constricts you.
* * * LOW HITPOINT WARNING * * *
You barely miss the ball python. The ball python closely misses you.
The ball python constricts you.
* * * LOW HITPOINT WARNING * * *
Unknown command.
Casting: Pain (safe; 1% risk of failure)
Confirm with . or Enter, or press ? or * to list all spells.
You don't have enough magic to cast this spell.
Casting: Pain (safe; 1% risk of failure)
Confirm with . or Enter, or press ? or * to list all spells.
Aiming: Pain (safe; 1% risk of failure)
Press: ? - help, Shift-Dir - straight line, f - ball python
Aim: a ball python (constricting you, chance to affect: 91%)
The ball python writhes in agony.
You kill the ball python!
The hobgoblin closely misses you. The goblin hits you with a +0 club.
You die...

#........#####
#........#
#........#
#........#
#........#
#........#
##........######
......###...†..###
......# ##.###.†@#
..>...# #.....gg#
......# #..###..#
......# #..## #..#
......##.rg# #..#
............ ..##
........##.. .##
.......##.#. .#
†......# # ..


You could see a hobgoblin and a goblin.

Vanquished Creatures
  A scorpion (D:2)
  A gnoll (D:1)
  An adder (D:2)
  3 ball pythons
  A giant cockroach (D:1)
  A goblin (D:2)
  4 jackals (D:1)
  3 bats
  5 kobolds
  8 rats
28 creatures vanquished.

Notes
Turn   | Place    | Note
-------+----------+-------------------------------------------
     0 | D:1      | ytrimaz the Demonspawn Necromancer began the quest for the
                  | Orb.
     0 | D:1      | Reached XP level 1. HP: 13/13 MP: 3/3
   250 | D:1      | Gained mutation: You regenerate a little health from kills.
                  | [demonic ancestry]
   250 | D:1      | Reached XP level 2. HP: 10/19 MP: 0/5
   586 | D:1      | Reached skill level 5 in Necromancy
   641 | D:1      | Found a faded altar of an unknown god.
  1537 | D:2      | Reached XP level 3. HP: 23/24 MP: 4/6
  1615 | D:2      | Learned a level 3 spell: Vampiric Draining
  1962 | D:2      | Noticed a scorpion
  1975 | D:2      | Killed a scorpion
  1976 | D:2      | Reached skill level 1 in Poison Magic
  1976 | D:2      | Reached XP level 4. HP: 15/30 MP: 0/8
  1984 | D:2      | Slain by a goblin

Illustrated notes

Levels and vault maps discovered:
D:1:      dpeg_arrival_ratfight, layout_basic,
          ebering_ecumenical_altar_petrified
D:2:      layout_basic, minmay_bisected

Skill      XL: |  1  2  3 |
---------------+----------+-----
Necromancy     | 5 |  5.6
Spellcasting   | 3 |  3.1
Poison Magic   | 1 |  1.1
Dodging        | |  1.7
Stealth        | |  1.7

Action                   |  1- 3 |  4- 6 || total
-------------------------+-------+-------++-------
Melee: Unarmed           |     8 |       ||     8
       Staff             |     2 |     5 ||     7
 Cast: Pain              |    39 |     1 ||    40
       Vampiric Draining |     1 |       ||     1
  Use: Scroll            |     1 |       ||     1
Armor: Robe              |     6 |     2 ||     8
Dodge: Dodged            |    15 |    10 ||    25

Table legend: (Time is in decaauts)
 A = Elapsed time spent in this place.
 B = Non-inter-level travel time spent in this place.
 C = Inter-level travel time spent in this place.
 D = Time resting spent in this place.
 E = Time spent auto-exploring this place.
 F = Levels seen in this place.
 G = Mean time per level.
                   A        B        C        D        E       F      G
               +--------+--------+--------+--------+--------+-----+--------+
         Total |   1984 |   1964 |     20 |    561 |   1176 |   2 |  992.0 |
       Dungeon |   1984 |   1964 |     20 |    561 |   1176 |   2 |  992.0 |
               +--------+--------+--------+--------+--------+-----+--------+

Top non-repeatable levels by time:
     D:1: 1500 daAuts
     D:2: 484 daAuts
